 Dungeon Crawl Stone Soup version 0.20-a0-700-gbd4582c (webtiles) character file.

60 Alarkh the Magician (level 3, 0/27 HPs)
             Began as a Mummy Skald on Feb 20, 2017.
             Slain by Natasha (2 damage)
             ... on level 3 of the Dungeon.
             The game lasted 00:02:40 (1789 turns).

Alarkh the Magician (Mummy Skald)                   Turns: 1789, Time: 00:02:40

Health: 0/27       AC:  4    Str: 14    XL:     3   Next: 80%
Magic:  0/8        EV: 11    Int: 13    God:
Gold:   96         SH:  0    Dex: 11    Spells: 3/9 levels left

rFire    x . .     SeeInvis .   a - +0 falchion
rCold    + . .     Gourm    .   b - +0 leather armour
rNeg     + + +     Faith    .   (no shield)
rPois    ∞         Spirit   .   (no helmet)
rElec    .         Reflect  .   g - +0 cloak
rCorr    .         Harm     .   (no gloves)
MR       +....                  (no boots)
Stlth    +.........             (no amulet)
Regen    0.1/turn               (no ring)
MPRegen  0.2/turn               h - ring of protection from magic

@: infused, very slightly contaminated
A: no food or potions, fire vulnerability, cold resistance 1, negative energy
resistance 3, torment resistance, unbreathing
a: no special abilities


You were on level 3 of the Dungeon.
You were not hungry.

You visited 1 branch of the dungeon, and saw 3 of its levels.

You collected 96 gold pieces.

Inventory:

Hand Weapons
 a - a +0 falchion (weapon)
Armour
 b - a +0 leather armour (worn)
 g - a +0 cloak (worn)
Jewellery
 h - a ring of protection from magic (left hand)
Scrolls
 d - a scroll of noise
 e - a scroll of identify
 f - a scroll of fog {unknown}
 i - a scroll of blinking {unknown}
 j - a scroll of immolation {unknown}
 k - a scroll of remove curse {unknown}
Books
 c - a book of Battle

   Spells                             Type                      Level
   a - Infusion                       Charms                       1
   b - Shroud of Golubria             Charms/Translocation         2
   c - Song of Slaying                Charms                       2
   d - Spectral Weapon                Hexes/Charms                 3
   e - Regeneration                   Charms/Necromancy            3


   Skills:
 - Level 2.0 Fighting
 * Level 2.3 Long Blades
 - Level 0.7 Armour
 - Level 1.5 Dodging
 + Level 3.5 Spellcasting
 + Level 3.0 Charms


You had 3 spell levels left.
You knew the following spells:

 Your Spells              Type           Power        Failure   Level  Hunger
a - Infusion              Chrm           ##..         12%         1    N/A
b - Shroud of Golubria    Chrm/Tloc      #.........   28%         2    N/A
c - Spectral Weapon       Hex/Chrm       #.......     54%         3    N/A

Dungeon Overview and Level Annotations

Branches:
Dungeon (3/15)

Altars:
Sif Muna

Annotations:
D:3 Natasha, Sigmund


Innate Abilities, Weirdness & Mutations

You do not eat or drink.
Your flesh is vulnerable to fire.
You are immune to poison.
Your flesh is cold resistant. (rC+)
You are immune to negative energy. (rN+++)
You are immune to unholy pain and torment.
You can survive without breathing.


Message History

You closely miss Natasha. Natasha misses you.
You riposte.
You barely miss Natasha. You barely miss Natasha.
Natasha wildly gestures.
You feel troubled.
Natasha stares at you and mumbles some strange words.
The magic dart hits you! Natasha claws you but does no damage.
You are too injured to fight recklessly!
You hit Natasha.
Natasha is heavily wounded.
Natasha casts a spell at you. The magic dart hits you!
* * * LOW HITPOINT WARNING * * *
You hit Natasha.
Natasha is severely wounded.
Natasha claws you but does no damage.
You barely miss Natasha.
Natasha is severely wounded.
Natasha claws you.
You die...

....... #.#.$.
...... #.#..###
#.#....
####.##.####.##
#..........$..#
#.##h##..###..
#@...........
#.####..##...
#). ..... #
#### .....# .#
...#.# .# #
....... .. .#
#..#.## .####.#
..$...#


You could see Natasha.

Vanquished Creatures
  3 adders
  2 orcs
  A giant cockroach (D:1)
  3 goblins
  4 hobgoblins
  4 jackals
  A ball python (D:2)
  6 frilled lizards
  3 kobolds
  6 rats
33 creatures vanquished.

Notes
Turn   | Place    | Note
-------+----------+-------------------------------------------
     0 | D:1      | Alarkh the Mummy Skald began the quest for the Orb.
     0 | D:1      | Reached XP level 1. HP: 16/16 MP: 4/4
   365 | D:1      | Reached XP level 2. HP: 17/22 MP: 2/5
   629 | D:1      | Learned a level 2 spell: Shroud of Golubria
   703 | D:2      | Reached XP level 3. HP: 14/27 MP: 1/7
   850 | D:2      | Found a deep blue altar of Sif Muna.
  1163 | D:3      | Noticed Natasha
  1410 | D:3      | Noticed Sigmund
  1613 | D:2      | Learned a level 3 spell: Spectral Weapon
  1789 | D:3      | Slain by Natasha

Vault maps used:
D:1:      tarquinn_simple_flora_water_f
D:2:      lemuel_doored_altar
D:3:      uniq_grinder, uniq_sigmund, uniq_natasha

Skill      XL: |  1  2  3 |
---------------+----------+-----
Spellcasting   | 3 |  3.5
Long Blades    | 2 |  2.3
Charms         | 3 |  3.0
Fighting       | |  2.0
Armour         | |  0.7
Dodging        | |  1.5

Action                   || total
-------------------------++-------
Melee: Falchion          ||    79
 Cast: Infusion          ||    20
       Shroud of Golubri ||     1
  Use: Scroll            ||     1
Armor: Leather armour    ||    21
Dodge: Dodged            ||    59
       Rpst.: Falchion   ||    16
